 Dungeon Crawl Stone Soup version 0.23.1 (webtiles) character file.

Game seed: 6408106552458763060

213 nganga the Stinger (level 5, -22/42 HPs)
             Began as a Naga Venom Mage on Mar 1, 2019.
             Killed from afar by a rime drake (27 damage)
             ... with a flash freeze
             ... on level 4 of the Dungeon.
             The game lasted 00:58:59 (3700 turns).

nganga the Stinger (Naga Venom Mage)                Turns: 3700, Time: 00:58:59

Health: -22/42     AC: 10    Str: 10    XL:     5   Next: 90%
Magic:  7/9        EV: 10    Int: 16    God:
Gold:   181        SH:  0    Dex: 12    Spells: 4/10 levels left

rFire    . . .     SeeInvis +   f - +0 dagger
rCold    . . .     Gourm    .   (no shield)
rNeg     . . .     Faith    .   e - +3 leather armour
rPois    +         Spirit   .   (no helmet)
rElec    .         Reflect  .   x - +2 cloak
rCorr    .         Harm     .   a - +0 pair of gloves
MR       .....                  (no barding)
Stlth    ++........             (no amulet)
HPRegen  0.14/turn              (no ring)
MPRegen  0.11/turn              (no ring)

@: very slow
A: large, see invisible, deformed body, poison resistance, slowness 2, slow
metabolism 1, spit poison 1, AC +1
a: Spit Poison


You were on level 4 of the Dungeon.
You were not hungry.

You visited 1 branch of the dungeon, and saw 4 of its levels.

You collected 181 gold pieces.

Inventory:

Hand Weapons
 f - a +0 dagger (weapon)
 i - a +0 short sword
 n - a +0 spear
 s - a cursed -1 flail
Missiles
 j - 21 stones (quivered)
 l - 27 arrows
 p - 8 needles of confusion
Armour
 a - a +0 pair of gloves (worn)
 d - a +0 pair of gloves
 e - a +3 leather armour (worn)
 u - a +0 ring mail
 w - a +0 leather armour
 x - a +2 cloak (worn)
Wands
 q - a wand of digging (8)
Scrolls
 b - 3 scrolls of identify
 g - a scroll of noise
 h - a scroll of random uselessness
 k - 2 scrolls of magic mapping {unknown}
 o - a scroll of enchant weapon
 v - 2 scrolls of remove curse
Potions
 t - 3 potions of curing
 z - 2 potions of might
Comestibles
 c - 8 rations
 r - 4 chunks of flesh


   Skills:
 + Level 1.3 Armour
 + Level 2.3 Dodging
 + Level 4.4 Stealth
 + Level 3.0 Spellcasting
 + Level 2.1 Conjurations
 + Level 0.4 Air Magic
 + Level 5.0 Poison Magic
 + Level 0.1 Evocations


You had 4 spell levels left.
You knew the following spells:

 Your Spells              Type           Power        Failure   Level  Hunger
a - Sting                 Conj/Pois      ##..         5%          1    #......
b - Mephitic Cloud        Conj/Pois/Air  ##......     26%         3    ###....
c - Poisonous Vapours     Pois/Air       ##....       12%         2    ##.....

Your spell library contained the following spells:

 Spells                   Type           Power        Failure   Level  Hunger
 Olgreb's Toxic Radiance  Pois           ###.....     30%         4    #####..
 Venom Bolt               Conj/Pois      ##........   83%         5    ######.


Dungeon Overview and Level Annotations

Branches:
Dungeon (4/15)
 Temple: D:4-7

Altars:
Ashenzari
Kikubaaqudgha
Nemelex Xobeh
Trog
Xom
Zin


Innate Abilities, Weirdness & Mutations

You cannot wear boots.
Your serpentine skin is tough. (AC +1)
You have supernaturally acute eyesight. (SInv)
Armour fits poorly on your strangely shaped body.
Your system is resistant to poisons. (rPois)
You cover ground very slowly.
You have a slow metabolism.
You can spit poison.


Message History

The rime drake bites you but does no damage.
The ice encasing you melts away. "Whee!"
Your surroundings suddenly seem different.
Your surroundings suddenly seem different.
Okay, then.
Really renounce your faith, foregoing its fabulous benefits?
Are you sure you won't change your mind later?
You have lost your religion!
Xom does not appreciate desertion!
You see here an orc skeleton.
The rime drake breathes ice at you. The flash freeze hits you.
* * * LOW HITPOINT WARNING * * *
You are encased in ice.
The ice encasing you melts away. The rime drake breathes ice at you.
The flash freeze hits you!!
Ouch! That really hurt!
You die...

#........รท# #.........#
##.........# #..........##
#...........##
##...........#
#...........##
#.....###.#..## #
#...@###..##..## #
###..P##..###..## #
##......P.##.....## #
.###.....P...........####
...........#P............##.
.......kP.###PP.............
#####.P....................#
#..P........P...........
##.##.._..##............


You could see a rime drake.

Vanquished Creatures
  A hound (D:4)
  3 worker ants
  6 adders
  An adder skeleton (D:4)
  2 worms
  A dart slug (D:1)
  3 leopard geckos (D:3)
  An orc (D:4)
  A giant cockroach (D:1)
  3 goblins
  7 hobgoblins
  A quokka (D:3)
  3 bats
  6 frilled lizards
  5 kobolds
  9 rats
53 creatures vanquished.

Notes
Turn   | Place    | Note
-------+----------+-------------------------------------------
     0 | D:1      | nganga the Naga Venom Mage began the quest for the Orb.
     0 | D:1      | Reached XP level 1. HP: 15/15 MP: 3/3
   349 | D:1      | Reached XP level 2. HP: 22/22 MP: 1/5
  1155 | D:2      | Reached XP level 3. HP: 28/28 MP: 2/6
  1395 | D:2      | Found a faded altar of an unknown god.
  1613 | D:2      | Found a bloodstained altar of Trog.
  2062 | D:3      | Reached XP level 4. HP: 28/36 MP: 2/8
  2621 | D:3      | Found a sparkling altar of Nemelex Xobeh.
  2629 | D:3      | Reached skill level 1 in Armour
  2806 | D:3      | Reached XP level 5. HP: 42/42 MP: 4/9
  2807 | D:3      | Found a shattered altar of Ashenzari.
  3000 | D:3      | Found a glowing silver altar of Zin.
  3322 | D:4      | Found a shimmering altar of Xom.
  3330 | D:4      | Became a worshipper of Xom the Elder Chaos God
  3376 | D:4      | Reached skill level 5 in Poison Magic
  3386 | D:4      | Learned a level 3 spell: Mephitic Cloud
  3389 | D:4      | Learned a level 2 spell: Poisonous Vapours
  3512 | D:4      | Found an ancient bone altar of Kikubaaqudgha.
  3634 | D:4      | XOM: potion effect (magic)
  3646 | D:4      | Noticed an ogre
  3657 | D:4      | Noticed a rime drake
  3657 | D:4      | an ogre changed into a rime drake
  3657 | D:4      | XOM: polymorph ogre -> rime drake
  3658 | D:4      | HP: 1/42 [rime drake/flash freeze (19)]
  3668 | D:4      | XOM: 2-stop teleportation journey
  3669 | D:4      | Fell from the grace of Xom
  3700 | D:4      | Killed from afar by a rime drake

Skill      XL: |  1  2  3  4  5 |
---------------+----------------+-----
Dodging        | 2 |  2.3
Armour         | 1 |  1.3
Stealth        | 4 |  4.4
Spellcasting   | 3 |  3.0
Conjurations   | 2 |  2.1
Poison Magic   | 5 |  5.0
Air Magic      | |  0.4
Evocations     | |  0.1

Action                   |  1- 3 |  4- 6 || total
-------------------------+-------+-------++-------
Melee: Spear             |     1 |       ||     1
       Hand axe          |     1 |       ||     1
       Dagger            |    10 |    61 ||    71
Throw: Stone             |     1 |       ||     1
 Cast: Sting             |    54 |    64 ||   118
Invok: Renounce Religion |       |     1 ||     1
  Use: Scroll            |       |     6 ||     6
       Potion            |       |     5 ||     5
  Eat: Chunk             |     2 |     3 ||     5
       Ration            |     1 |       ||     1
Armor: Robe              |     1 |       ||     1
       Leather armour    |     6 |    33 ||    39
Dodge: Dodged            |     9 |    44 ||    53
